 Dungeon Crawl Stone Soup version 0.27-a0-1358-ga0a28fc8c3 (webtiles) character file.

Game seed: 15565143708105212108

51 Delamore the Sneak (level 3, -1/25 HPs)
             Began as an Octopode Brigand on June 28, 2021.
             Slain by a hobgoblin (4 damage)
             ... led by Robin
             ... on level 2 of the Dungeon.
             The game lasted 00:01:14 (1404 turns).

Delamore the Sneak (Octopode Brigand)               Turns: 1404, Time: 00:01:15

Health: -1/25      AC:  1    Str: 10    XL:     3   Next: 81%
Magic:  3/3        EV: 12    Int: 13    God:
Gold:   28         SH:  0    Dex: 14    Spells: 2/2 levels left

rFire    . . .     SeeInvis .   a - +2 dagger
rCold    . . .     Faith    .   (no shield)
rNeg     . . .     Spirit   .   (helmet restricted)
rPois    .         Reflect  .   (no amulet)
rElec    .         Harm     .   (no ring)
rCorr    .         Rampage  .   (no ring)
Will     .....                  (no ring)
Stlth    ++++......             (no ring)
HPRegen  0.08/turn              (no ring)
MPRegen  0.08/turn              (no ring)
                                (no ring)
                                (no ring)

@: no status effects
A: almost no armour, amphibious, 8 rings, camouflage 1, gelatinous body 1,
(nimble swimmer 1), tentacles
a: no special abilities


You were on level 2 of the Dungeon.
You visited 1 branch of the dungeon, and saw 2 of its levels.

You collected 28 gold pieces.

Inventory:

Hand Weapons
 a - a +2 dagger (weapon)
Missiles
 c - 2 curare-tipped darts (quivered)
Scrolls
 f - a scroll of teleportation
Potions
 e - a potion of ambrosia {unknown}


   Skills:
 + Level 2.8 Fighting
 + Level 2.7 Short Blades
 - Level 2.0 Throwing
 - Level 1.0 Dodging
 + Level 6.0 Stealth


You had 2 spell levels left.
You didn't know any spells.
Your spell library was empty.

Dungeon Overview and Level Annotations

Branches:
Dungeon (2/15)

Altars:

Shops:
D:1 :


Innate Abilities, Weirdness & Mutations

You cannot wear most types of armour.
You are amphibious.
You can wear up to eight rings at the same time.
Your skin changes colour to match your surroundings (Stealth+).
Your rubbery body absorbs attacks. (AC +1, EV +1)
((You are camouflaged near water. (Stealth+)))
You have tentacles for arms and can constrict up to eight enemies at once.


Message History

Robin is caught in the net!
Robin is moderately wounded.
Robin struggles against the net.
You hit Robin but do no damage. You grab Robin.
Robin is moderately wounded.
You constrict Robin, but do no damage.
Robin laughs in a distinctly smug fashion.
Robin struggles against the net.
You hit Robin but do no damage.
Robin is moderately wounded.
You constrict Robin.
Robin struggles against the net.
You hit Robin but do no damage.
Robin is heavily wounded.
You constrict Robin.
Robin struggles against the net.
You hit Robin.
Robin is almost dead.
You constrict Robin.
You kill Robin!
Your Stealth skill increases to level 6!
The hobgoblin hits you!
Items here: ( ))) / [[ †††.
You are too injured to fight recklessly!
You are too injured to fight recklessly!
You are too injured to fight recklessly!
You are too injured to fight recklessly!
You are too injured to fight recklessly!
You are too injured to fight recklessly!
You are too injured to fight recklessly!
You are too injured to fight recklessly!
You are too injured to fight recklessly!
You hit the hobgoblin. Your grab misses the hobgoblin.
The hobgoblin is heavily wounded.
The hobgoblin no longer looks unusually strong.
The hobgoblin hits you!
* * * LOW HITPOINT WARNING * * *
You see here a +0 spear.
The goblin no longer looks unusually strong.
The hobgoblin no longer looks unusually strong.
The hobgoblin hits you.
You die...

#.# #.# #g# #(# #
#g# #)### # #.g.#
# #.#g#
################@#
##≈≈≈≈≈≈≈≈≈≈≈≈≈#.#
##≈.).......).≈#.#
##≈.....(.....≈#.#
##≈..#.....#..≈#.#
##≈..†.###....≈#.#
##≈...## ##...≈#.#
##≈...# #....'.#
##≈...## ##...≈###


You could see 2 hobgoblins and a goblin.

Vanquished Creatures
  Robin (D:2)
  2 dart slugs (D:1)
  2 bats (D:1)
  3 endoplasms (D:1)
  A giant cockroach (D:2)
  5 goblins
  7 hobgoblins
  4 jackals (D:1)
  3 kobolds
  A quokka (D:1)
  2 ball pythons
31 creatures vanquished.

Notes
Turn   | Place    | Note
-------+----------+-------------------------------------------
     0 | D:1      | Delamore the Octopode Brigand began the quest for the Orb.
     0 | D:1      | Reached XP level 1. HP: 14/14 MP: 1/1
    74 | D:1      | Reached XP level 2. HP: 6/19 MP: 2/2
   412 | D:1      | Found Lateonaz's Book Shop.
   553 | D:1      | You fall into a shaft and drop 1 floor!
   786 | D:1      | Reached XP level 3. HP: 21/25 MP: 3/3
  1382 | D:2      | Noticed Robin
  1398 | D:2      | Killed Robin
  1399 | D:2      | Reached skill level 6 in Stealth
  1404 | D:2      | Slain by a hobgoblin

Illustrated notes

Levels and vault maps discovered:
D:1:      erik_arrival_cave_to_civilisation [erik_arrival_cave_to_temple],
          layout_basic, serial_shops, shop_fountains
D:2:      layout_basic, basic_altar, kennysheep_path_1, uniq_jessica, uniq_robin

Skill      XL: |  1  2  3 |
---------------+----------+-----
Stealth        | 6 |  6.0
Fighting       | |  2.8
Short Blades   | |  2.7
Throwing       | |  2.0
Dodging        | |  1.0

Action                   || total
-------------------------++-------
Melee: Dagger            ||    57
       Constrict         ||    14
       Tentacles         ||     3
Throw: Dart              ||     8
       Throwing net      ||     1
  Use: Scroll            ||     1
 Stab: Sleeping          ||    13
Armor: Skin              ||     6
Dodge: Dodged            ||    22

Table legend: (Time is in decaauts)
 A = Elapsed time spent in this place.
 B = Non-inter-level travel time spent in this place.
 C = Inter-level travel time spent in this place.
 D = Time resting spent in this place.
 E = Time spent auto-exploring this place.
 F = Levels seen in this place.
 G = Mean time per level.
                   A        B        C        D        E       F      G
               +--------+--------+--------+--------+--------+-----+--------+
         Total |   1396 |   1345 |     51 |    203 |    954 |   2 |  698.0 |
       Dungeon |   1396 |   1345 |     51 |    203 |    954 |   2 |  698.0 |
               +--------+--------+--------+--------+--------+-----+--------+

Top non-repeatable levels by time:
     D:1: 1287 daAuts
     D:2: 109 daAuts
